 Dungeon Crawl Stone Soup version 0.31-a0-204-g7da18cac08 (webtiles) character file.

Game seed: 6045802299847300314

62 qw the Shooter (level 3, 0/20 HPs)
             Began as a Deep Elf Hunter on June 27, 2023.
             Slain by Terence
             ... wielding a +0 mace
              (4 damage)
             ... on level 3 of the Dungeon.
             The game lasted 00:00:29 (903 turns).

qw the Shooter (Deep Elf Hunter)                     Turns: 903, Time: 00:00:30

Health: 0/20       AC:  6    Str: 10    XL:     3   Next: 85%
Magic:  5/5        EV: 17    Int: 13    God:
Gold:   52         SH:  0    Dex: 18    Spells: 2/2 levels left

rFire   . . .        Y - +0 shortbow
rCold   . . .        (shield currently unavailable)
rNeg    . . .        c - +0 leather armour
rPois   .            (no helmet)
rElec   .            l - +0 cloak
rCorr   +            h - +1 pair of gloves
SInv    .            (no boots)
Will    .....        (no amulet)
Stlth   ++           e - ring of resist corrosion
HPRegen 0.23/turn    f - +5 ring of evasion
MPRegen 0.09/turn

%: no passive effects
@: no status effects
A: no striking features
a: no special abilities


You were on level 3 of the Dungeon.
You visited 1 branch of the dungeon, and saw 3 of its levels.

You collected 100 gold pieces.
You spent 48 gold pieces at shops.


   Skills:
 - Level 1.5 Fighting
 + Level 7.3 Ranged Weapons
 - Level 2.4 Dodging
 - Level 1.2 Stealth


You had 2 spell levels left.
You didn't know any spells.
Your spell library was empty.

Inventory:

Hand Weapons
 Y - a +0 shortbow (weapon)
Armour
 c - a +0 leather armour (worn)
 h - a +1 pair of gloves (worn)
 l - a +0 cloak (worn)
Jewellery
 e - a ring of resist corrosion (left hand)
 f - a +5 ring of evasion (right hand)
Scrolls
 a - a scroll of identify
 j - a scroll of enchant weapon {unknown}
Potions
 d - a potion of enlightenment
 g - a potion of lignification {unknown}
 i - a potion of magic {unknown}
 k - a potion of ambrosia {unknown}

Dungeon Overview and Level Annotations

Branches:
Dungeon (3/15)

Altars:
Elyvilon

Shops:
D:2 ?

Annotations:
D:3 Terence


Message History

The endoplasm freezes you.
You are frozen.
You shoot an arrow. The arrow hits Terence.
Terence is heavily wounded.
Terence hits you with a +0 mace.
The endoplasm hits you but does no damage.
Terence misses you.
You shoot an arrow.
The arrow hits Terence but does no damage.
Terence is heavily wounded.
Terence hits you with a +0 mace. The endoplasm freezes you.
You are frozen.
Terence misses you.
898 ||| DRINKING potion of heal wounds.
You feel much better. The endoplasm freezes you.
You are frozen.
Terence misses you.
You shoot an arrow. The arrow closely misses Terence.
The arrow barely misses the goblin.
Terence hits you with a +0 mace! The endoplasm closely misses you.
Terence misses you.
You shoot an arrow.
The arrow hits Terence but does no damage.
Terence is heavily wounded.
The endoplasm hits you but does no damage.
Terence barely misses you.
You shoot an arrow. The arrow hits Terence.
Terence is severely wounded.
Terence closely misses you. The endoplasm closely misses you.
Terence hits you but does no damage. The endoplasm barely misses you.
You shoot an arrow. The arrow hits Terence.
Terence is severely wounded.
Terence asks, "Do you want it fast or slow?"
Terence hits you with a +0 mace.
The endoplasm jiggles.
The endoplasm freezes you.
You are frozen.
You shoot an arrow. The arrow closely misses Terence.
The arrow closely misses the goblin.
Terence closely misses you. Terence hits you with a +0 mace.
You die...

..........##.#.#
..........#....####.
#...................
#...............##
..##########.#### #.
##.## #...# #...#
#..@# #.J@# #..g.
#)...# ......
........ .........
####.......


You could see Terence (fast), an endoplasm and a goblin.

Vanquished Creatures
  A gnoll (D:1)
  A worm (D:2)
  2 dart slugs (D:1)
  4 endoplasms
  2 giant cockroaches
  5 goblins
  5 hobgoblins
  2 jackals (D:2)
  2 quokkas (D:1)
  3 ball pythons
  4 bats
  3 frilled lizards (D:1)
  2 kobolds
  4 rats
40 creatures vanquished.

Notes
Turn   | Place    | Note
-------+----------+-------------------------------------------
     0 | D:1      | qw the Deep Elf Hunter began the quest for the Orb.
     0 | D:1      | Reached XP level 1. HP: 12/12 MP: 3/3
     0 | D:1      | 0 ||| qw: Version: 0.3-a-22-g0ed2b0b
     0 | D:1      | 0 ||| qw: Game counter: 6375
     0 | D:1      | 0 ||| qw: Melee chars always use a shield: true
     0 | D:1      | 0 ||| qw: God list: Okawaru
     0 | D:1      | 0 ||| qw: Allow faded altars: false
     0 | D:1      | 0 ||| qw: Do Orc after clearing Dungeon:15 true
     0 | D:1      | 0 ||| qw: Do second Lair branch before Depths: true
     0 | D:1      | 0 ||| qw: Lair rune preference: random
     0 | D:1      | 0 ||| qw: Goals: Normal
     0 | D:1      | 0 ||| PLANNING D:1-11
    51 | D:1      | Reached skill level 6 in Ranged Weapons
    51 | D:1      | Reached XP level 2. HP: 10/16 MP: 4/4
   178 | D:1      | Reached XP level 3. HP: 20/20 MP: 5/5
   267 | D:1      | 267 ||| FLEEEEING.
   268 | D:1      | 268 ||| FLEEEEING.
   271 | D:1      | 271 ||| FLEEEEING.
   272 | D:1      | 272 ||| FLEEEEING.
   444 | D:1      | 444 ||| UPGRADING to +1 pair of gloves.
   449 | D:1      | 449 ||| UPGRADING to ring of resist corrosion.
   450 | D:1      | 450 ||| UPGRADING to +5 ring of evasion.
   451 | D:1      | 451 ||| READING scroll labelled UPREDE HYHUST.
   452 | D:1      | 452 ||| DROPPING scroll of butterflies.
   504 | D:2      | Reached skill level 7 in Ranged Weapons
   530 | D:2      | Found a white marble altar of Elyvilon.
   662 | D:2      | Found Peschusy's Magic Scroll Emporium.
   670 | D:2      | 670 ||| SHOPLISTING scroll of enchant weapon (90 gold, have
                  | 77).
   670 | D:2      | 670 ||| BUYING scroll of identify (24 gold).
   670 | D:2      | Bought a scroll of identify for 24 gold pieces
   670 | D:2      | 670 ||| BUYING scroll of identify (24 gold).
   670 | D:2      | Bought a scroll of identify for 24 gold pieces
   670 | D:2      | 670 ||| SHOPLISTING scroll of teleportation (36 gold, have
                  | 29).
   679 | D:2      | Found a faded altar of an unknown god.
   833 | D:2      | 833 ||| UPGRADING to +0 cloak.
   838 | D:2      | 838 ||| READING scroll labelled DIPUINK ESKE.
   839 | D:2      | 839 ||| READING 3 scrolls of identify.
   839 | D:2      | 839 ||| IDENTIFYING bubbling dark potion
   840 | D:2      | 840 ||| READING 2 scrolls of identify.
   840 | D:2      | 840 ||| IDENTIFYING amethyst potion
   883 | D:3      | Noticed Terence
   897 | D:3      | HP: 5/20 [frozen (1)]
   898 | D:3      | 898 ||| DRINKING potion of heal wounds.
   902 | D:3      | HP: 3/20 [frozen (5)]
   903 | D:3      | Slain by Terence

Levels and vault maps discovered:
D:1:      roderic_chinese_lattice_arrival, layout_rooms
D:2:      layout_rooms, shapermc_ecumenical_altar_pompeii, basic_altar,
          serial_shops, nicolae_shop_pleasant_corner_grove,
          kennysheep_generic_room_8
D:3:      layout_loops_cross, bh_walls_and_bars, uniq_terence

Skill      XL: |  1  2  3 |
---------------+----------+-----
Ranged Weapons | 6 7 |  7.3
Fighting       | |  1.5
Dodging        | |  2.4
Stealth        | |  1.2

Action                     || total
---------------------------++-------
   Fire: Shortbow          ||   108
    Use: Scroll            ||     4
         Potion            ||     1
 Armour: Leather armour    ||     9
  Dodge: Dodged            ||    43

Table legend:
 A = Non-vault XP
 B = Vault XP
 C = Vault XP percentage of total XP
 D = Non-vault monster count
 E = Vault monster count
 F = Vault count percentage of total count
                 A         B        C        D         E       F
            +---------+---------+-------+---------+---------+-------
      Total |      89 |       0 |   0.0 |      40 |       0 |   0.0
            +---------+---------+-------+---------+---------+-------
        D:1 |      56 |       0 |   0.0 |      24 |       0 |   0.0
        D:2 |      31 |       0 |   0.0 |      15 |       0 |   0.0
        D:3 |       2 |       0 |   0.0 |       1 |       0 |   0.0
            +---------+---------+-------+---------+---------+-------
